Map: Triton LE

Players

Coek

  • Race: Terran Terran
  • League: Diamond
  • Spawn Location: 5:00

Unicorn - Winner!

  • Race: Protoss Protoss
  • League: Platinum
  • Spawn Location: 11:00

VOD

Have the link to the VOD?

Description

Time

  • Played on: March 3, 2020, 7:12 p.m.
  • Length: 17:28
Show
View Real Time Build Order
Export as new Build Order

Coek Terran 

Build Orders: Liberator Opening 

Get SALT Encoding   

  12  0:01  SCV  
  13  0:13  SCV  
  14  0:18  Supply Depot  
  14  0:25  SCV  
  15  0:29  Refinery  
  15  0:40  SCV  
  16  0:46  Barracks  
  16  0:52  SCV  
  17  1:04  SCV  
  18  1:16  SCV  
  19  1:28  SCV  
  20  1:34  Reaper  
  21  1:41  Orbital Command  
  21  1:55  Command Center  
  21  2:12  Factory  
  21  2:14  SCV  
  22  2:18  Barracks Reactor  
  22  2:22  Supply Depot  
  22  2:30  SCV  
  23  2:43  SCV, Refinery  
  24  2:55  SCV  
  25  3:00  Starport  
  25  3:04  Hellion x2  
  29  3:11  SCV  
  30  3:15  Orbital Command  
  30  3:23  SCV  
  30  3:25  Hellion x2  
  35  3:35  SCV  
  35  3:39  Supply Depot  
  36  3:43  Liberator  
  36  3:47  SCV  
  42  3:48  Hellion  
  41  4:02  SCV x2  
  43  4:06  Hellion  
  45  4:15  Barracks Tech Lab  
  45  4:20  Barracks  
  45  4:21  Barracks  
  45  4:24  SCV  
  45  4:25  SCV  
  47  4:32  Supply Depot  
  47  4:40  SCV  
  47  4:41  SCV  
  49  4:50  Starport Reactor  
  49  4:56  Marine x2  
  49  4:57  SCV x2  
  49  4:59  Supply Depot  
  53  5:09  SCV x2  
  53  5:13  Command Center  
  55  5:22  SCV x2, Marine  
  53  5:30  Marine x2  
  53  5:31  Marine  
  54  5:40  Marine  
  51  5:53  Marine  
  51  5:54  Barracks Tech Lab  
  51  5:55  Barracks Reactor  
  51  5:56  Siege Tank  
  50  5:58  Marine  
  50  6:03  Supply Depot  
  50  6:11  Marine  
  51  6:13  SCV x2, Engineering Bay  
  51  6:14  Engineering Bay  
  51  6:16  Marine  
  51  6:17  Refinery  
  54  6:18  Refinery  
  54  6:19  Medivac x2  
  54  6:23  Marauder  
  54  6:24  Stimpack  
  60  6:29  SCV x2, Marine  
  60  6:30  Orbital Command  
  63  6:33  Marine  
  64  6:41  SCV x2  
  64  6:46  Marine  
  67  6:48  Marauder, Marine x2  
  67  6:49  Terran Infantry Weapons Level 1  
  67  6:51  Marine  
  72  6:58  Medivac x2  
  76  7:04  Orbital Command, Marine  
  76  7:05  SCV x2  
  79  7:09  Marine  
  79  7:14  Marine x2  
  79  7:15  Marauder  
  84  7:23  Barracks  
  84  7:26  Terran Infantry Armor Level 1, Barracks  
  83  7:31  SCV x2  
  85  7:37  Supply Depot  
  85  7:38  Marine  
  85  7:39  Marauder, Marine x2  
  85  7:43  SCV x2  
  92  7:48  Supply Depot  
  92  7:53  SCV  
  93  7:59  SCV x2  
  93  8:00  Supply Depot, Marine x5  
  100  8:11  Supply Depot  
  100  8:18  Marine x3  
  100  8:19  Marauder  
  100  8:20  Barracks Reactor  
  99  8:30  SCV x2, Supply Depot  
  99  8:31  Supply Depot  
  99  8:39  Marine x3  
  99  8:41  Marauder, Marine  
  103  8:46  Barracks Tech Lab  
  103  8:48  Combat Shield  
  104  8:54  Armory  
  104  9:02  Command Center  
  104  9:11  Supply Depot  
  104  9:12  Marauder, Marine  
  104  9:13  Marauder, Marine x4  
  104  9:14  Supply Depot  
  111  9:30  Marine x3  
  111  9:31  Marine x2  
  110  9:48  Marine x6  
  110  9:49  Marauder, Marine  
  119  9:55  Viking  
  121  10:11  Marauder x2, Marine x4  
  121  10:12  Medivac, Marine x2  
  133  10:18  Orbital Command  
  133  10:25  Medivac  
  133  10:26  Supply Depot  
  135  10:32  Marauder  
  137  10:39  Orbital Command  
  137  10:45  Supply Depot  
  137  11:11  Marine x4  
  136  11:12  Marine x3  
  136  11:13  Marauder  
  42  13:59  Marine  
  42  14:00  Marine x3  
  44  14:17  Marine x2  
  44  14:18  Marine x2  
Show
View Real Time Build Order
Export as new Build Order

Unicorn Protoss - Winner!

Build Orders: Forge Fast Expand (FFE) 

Get SALT Encoding   

  12  0:01  Probe  
  13  0:13  Probe  
  14  0:17  Pylon  
  14  0:25  Probe (Chrono Boost)  
  15  0:37  Probe (Chrono Boost)  
  15  0:38  Forge  
  16  0:45  Probe (Chrono Boost)  
  17  0:51  Probe  
  18  1:10  Probe  
  19  1:22  Probe  
  20  1:35  Probe  
  21  1:42  Nexus  
  21  1:43  Gateway  
  21  1:47  Probe  
  22  1:50  Pylon  
  22  2:00  Photon Cannon  
  22  2:05  Pylon  
  22  2:06  Assimilator  
  21  2:27  Pylon  
  21  2:28  Probe  
  21  2:29  Assimilator  
  22  2:38  Cybernetics Core, Photon Cannon  
  22  2:54  Probe  
  22  2:55  Probe  
  24  3:07  Probe x2  
  26  3:14  Photon Cannon  
  26  3:19  Probe x2  
  28  3:23  Nexus  
  28  3:31  Stalker  
  30  3:40  Pylon  
  30  3:41  Probe, Assimilator  
  30  3:42  Probe  
  30  3:47  Pylon  
  32  3:53  Probe  
  33  3:57  Pylon  
  33  4:13  Nexus  
  33  4:23  Probe (Chrono Boost)  
  34  4:24  Probe (Chrono Boost)  
  35  4:34  Probe (Chrono Boost)  
  35  4:35  Probe (Chrono Boost)  
  37  4:39  Twilight Council  
  37  4:42  Probe (Chrono Boost)  
  37  4:43  Probe (Chrono Boost)  
  39  4:47  Probe x2 (Chrono Boost)  
  39  4:52  Photon Cannon  
  41  4:58  Probe (Chrono Boost)  
  43  5:02  Probe (Chrono Boost)  
  43  5:03  Pylon, Assimilator  
  43  5:05  Protoss Ground Weapons Level 1 (Chrono Boost)  
  43  5:06  Probe (Chrono Boost)  
  44  5:08  Photon Cannon  
  44  5:10  Warp Gate (Chrono Boost)  
  44  5:16  Probe x2  
  34  5:29  Probe x4  
  37  5:41  Probe x4 (Chrono Boost)  
  38  5:46  Robotics Facility  
  38  5:50  Gateway  
  38  5:53  Probe x2 (Chrono Boost)  
  42  5:59  Probe x2 (Chrono Boost)  
  42  6:05  Probe x2 (Chrono Boost)  
  42  6:07  Probe x2 (Chrono Boost)  
  46  6:14  Probe  
  47  6:21  Gateway  
  47  6:24  Gateway  
  47  6:27  Pylon  
  47  6:30  Gateway  
  47  6:33  Probe (Chrono Boost)  
  47  6:34  Probe (Chrono Boost)  
  47  6:35  Probe (Chrono Boost), Photon Cannon  
  50  6:43  Probe x2 (Chrono Boost)  
  50  6:44  Probe (Chrono Boost), Gateway  
  50  6:46  Pylon  
  53  6:48  Probe x3 (Chrono Boost)  
  53  6:52  Warp Prism  
  58  7:00  Probe  
  59  7:01  Photon Cannon  
  59  7:02  Probe  
  59  7:03  Probe  
  59  7:06  Photon Cannon  
  61  7:11  Shield Battery  
  61  7:12  Probe (Chrono Boost)  
  61  7:14  Shield Battery  
  61  7:15  Probe (Chrono Boost)  
  64  7:19  Probe (Chrono Boost)  
  65  7:24  Probe (Chrono Boost)  
  65  7:26  Probe (Chrono Boost)  
  65  7:29  Probe (Chrono Boost)  
  67  7:30  Probe (Chrono Boost), Photon Cannon  
  67  7:31  Probe (Chrono Boost)  
  67  7:34  Photon Cannon  
  67  7:37  Shield Battery  
  69  7:39  Probe  
  69  7:41  Probe  
  69  7:42  Probe  
  72  7:47  Pylon  
  72  7:51  Probe, Pylon  
  73  7:53  Probe  
  73  7:54  Probe, Gateway  
  73  7:55  Gateway  
  73  7:56  Gateway  
  73  7:57  Gateway x2  
  75  8:02  Charge (Chrono Boost)  
  75  8:03  Probe  
  76  8:06  Zealot x4  
  84  8:21  Gateway  
  84  8:22  Gateway  
  84  8:26  Gateway  
  84  8:28  Gateway  
  84  8:30  Zealot x4  
  92  8:37  Gateway  
  92  8:40  Gateway x2  
  92  8:46  Nexus  
  92  8:49  Pylon  
  92  8:51  Probe x2, Pylon  
  93  9:03  Probe  
  93  9:08  Photon Cannon  
  93  9:09  Photon Cannon  
  94  9:11  Shield Battery  
  84  9:23  Zealot x6  
  90  9:24  Zealot x4  
  90  9:25  Zealot  
  90  9:27  Probe x2  
  96  9:34  Zealot x3  
  88  9:39  Probe  
  88  9:45  Blink (Chrono Boost)  
  81  9:47  Pylon  
  81  9:49  Probe  
  81  9:51  Probe  
  83  10:00  Warp Prism (Chrono Boost)  
  83  10:01  Probe  
  83  10:03  Probe  
  87  10:10  Probe  
  87  10:13  Probe  
  89  10:15  Probe  
  90  10:21  Photon Cannon  
  90  10:22  Probe  
  90  10:23  Nexus, Photon Cannon  
  90  10:26  Probe, Pylon  
  90  10:27  Probe  
  90  10:28  Pylon  
  93  10:31  Photon Cannon  
  93  10:32  Warp Prism (Chrono Boost)  
  93  10:34  Probe  
  94  10:35  Gateway  
  94  10:38  Pylon  
  94  10:41  Photon Cannon  
  94  10:42  Shield Battery  
  92  10:56  Zealot x4  
  92  10:57  Zealot x6  
  112  11:12  Nexus  
  112  11:15  Zealot x2  
  112  11:16  Zealot x5  
  112  11:17  Zealot x5  
  136  11:21  Pylon  
  119  11:31  Zealot x2  
  116  11:43  Zealot x3  
  120  11:52  Nexus  
  120  11:54  Pylon  
  109  11:55  Pylon  
  109  11:58  Pylon  
  109  12:01  Pylon  
  103  12:03  Zealot x2  
  103  12:04  Zealot  
  103  12:05  Gateway  
  107  12:11  Probe  
  107  12:14  Gateway  
  106  12:23  Probe  
  106  12:25  Forge  
  106  12:26  Cybernetics Core  
  106  12:27  Gateway  
  107  12:35  Probe  
  107  12:36  Probe x2  
  110  12:47  Probe  
  110  12:48  Probe x2  
  110  13:00  Probe x2  
  110  13:03  Sentry x2  
  110  13:04  Sentry  
  110  13:05  Sentry  
  120  13:12  Probe  
  116  13:24  Probe, Zealot x4  
  118  13:28  Cybernetics Core  
  118  13:31  Cybernetics Core  
  118  13:34  Gateway  
  88  13:36  Gateway  
  77  13:50  Zealot x7  
  77  13:51  Zealot  
  75  14:14  Zealot x6  
  75  14:15  Zealot  
  81  14:30  Sentry  
  83  14:38  Probe x2  
  82  14:50  Probe  
  82  14:54  Gateway  
  82  14:56  Gateway  
  82  14:57  Sentry x4  
  82  14:58  Sentry x3  
  84  15:02  Probe  
  86  15:14  Probe  
  86  15:23  Zealot x3  
  86  15:25  Zealot  
  90  15:30  Nexus  
  90  15:32  Pylon  
  90  15:34  Pylon x2  
  90  15:35  Pylon x2  
  88  15:37  Probe  
  83  15:54  Stalker x3  
  89  16:00  Cybernetics Core  
  65  16:54  Zealot x2  
  65  16:58  Pylon  
  65  17:00  Pylon  
  63  17:04  Shield Battery  
  63  17:05  Shield Battery  
  61  17:15  Probe x2  
  61  17:24  Stalker  
  61  17:25  Stalker x2  
Tags
 
Add a new tag
Caveats
  • Supply blocks, unpowered buildings, or Contaminate may cause inaccurate times.
  • Supply counts are checked every 10 seconds.